| TOP OF THE 1ST |
|
Johnson City Soilders batting - Pitching for Blacksburg Tribe : LHP Mike Jeffcoat
|
|
Pitching: LHP Mike Jeffcoat
|
|
|
Batting: RHB Thomas Mitchell
|
0-0: Called Strike 0-1: Ball 1-1: Swinging Strike 1-2: Ball 2-2: Ground out 5-3 (Groundball, 5, EV 79.4 MPH)
|
|
Batting: RHB Alejandro Sanchez
|
0-0: Fly out, F9 (Flyball, 9S, EV 86.3 MPH)
|
|
Batting: RHB Keith Mucha
|
0-0: Swinging Strike 0-1: Ball 1-1: Called Strike 1-2: Foul Ball, location: 2F 1-2: Ball 2-2: Fly out, F3 (Popup, 34, EV 65.0 MPH)
|
| Top of the 1st over - 0 runs, 0 hits, 0 errors, 0 left on base; Johnson City 0 - Blacksburg 0 |
| BOTTOM OF THE 1ST |
|
Blacksburg Tribe batting - Pitching for Johnson City Soilders : RHP Reggie Dobie
|
|
Pitching: RHP Reggie Dobie
|
|
|
Batting: RHB Jesus Alcala
|
0-0: Ball 1-0: Ball 2-0: Ball 3-0: Base on Balls
|
|
Batting: RHB Jay Munson
|
0-0: Swinging Strike 0-1: Ball 1-1: Swinging Strike 1-2: Foul Ball, location: 2F 1-2: Ball 2-2: Ball 3-2: Base on Balls Jesus Alcala to second
|
|
Batting: LHB George Cecchetti
|
0-0: Ball 1-0: Ball 2-0: Ball 3-0: Foul Ball, location: 2F 3-1: Base on Balls Jesus Alcala to third Jay Munson to second
|
|
Batting: RHB Alwin Creel
|
0-0: SINGLE (Line Drive, 89S, EV 101.3 MPH) Jesus Alcala scores Jay Munson to third George Cecchetti to second
|
|
Batting: RHB Omar Mora
|
0-0: DOUBLE (Flyball, 8LXD, EV 92.5 MPH) Jay Munson scores George Cecchetti scores Alwin Creel to third
|
|
Batting: LHB Jose Infante
|
0-0: Called Strike 0-1: Foul Ball, location: 2F 0-2: Foul Ball, location: 2F 0-2: Strikes out swinging
|
|
Batting: RHB Mike Isherwood
|
0-0: Ball 1-0: Ball 2-0: Ball 3-0: Base on Balls
|
|
Batting: RHB Michael Lanum
|
0-0: Foul Ball, location: 2F 0-1: Ball 1-1: Foul Ball, location: 2F 1-2: Ground out 3-1 (Groundball, 13, EV 82.5 MPH) Alwin Creel scores Omar Mora to third Mike Isherwood to second
|
|
Batting: SHB Luis Martinez
|
0-0: 3-RUN HOME RUN (Flyball, 9D, EV 84.4 MPH), Distance : 375 ft
|
|
Pitching: LHP Bob Gunnarsson
|
|
|
Batting: RHB Jesus Alcala
|
0-0: Foul Ball, location: 2F 0-1: Ball 1-1: Ball 2-1: Ball 3-1: Ground out 6-3 (Groundball, 6S, EV 82.5 MPH)
|
| Bottom of the 1st over - 7 runs, 3 hits, 0 errors, 0 left on base; Johnson City 0 - Blacksburg 7 |
| TOP OF THE 2ND |
|
Johnson City Soilders batting - Pitching for Blacksburg Tribe : LHP Mike Jeffcoat
|
|
Batting: SHB Jeff Trout
|
0-0: Ground out 5-3 (Groundball, 56S, EV 71.9 MPH)
|
|
Batting: RHB Eugene Steinbach
|
0-0: Ball 1-0: Ball 2-0: Swinging Strike 2-1: Called Strike 2-2: Foul Ball, location: 2F 2-2: Ground out 5-3 (Groundball, 5L, EV 86.9 MPH)
|
|
Batting: RHB Juan Pacho
|
0-0: Called Strike 0-1: Ball 1-1: Fly out, F9 (Flyball, 89M, EV 87.5 MPH)
|
| Top of the 2nd over - 0 runs, 0 hits, 0 errors, 0 left on base; Johnson City 0 - Blacksburg 7 |
| BOTTOM OF THE 2ND |
|
Blacksburg Tribe batting - Pitching for Johnson City Soilders : LHP Bob Gunnarsson
|
|
Batting: RHB Jay Munson
|
0-0: Called Strike 0-1: Foul Ball, location: 2F 0-2: Ball 1-2: Ball 2-2: Foul Ball, location: 2F 2-2: Ball 3-2: Strikes out swinging
|
|
Batting: LHB George Cecchetti
|
0-0: Reached on error, E6 (Groundball, 56, EV 107.5 MPH)
|
|
Batting: RHB Alwin Creel
|
0-0: Ball 1-0: Ball 2-0: Ball 3-0: Base on Balls George Cecchetti to second
|
|
Batting: RHB Omar Mora
|
0-0: Called Strike 0-1: Called Strike 0-2: Strikes out swinging
|
|
Batting: LHB Jose Infante
|
0-0: SINGLE (Groundball, P, EV 86.3 MPH) (infield hit) George Cecchetti to third Alwin Creel to second
|
|
Batting: RHB Mike Isherwood
|
0-0: SINGLE (Groundball, 34D, EV 96.3 MPH) George Cecchetti scores Alwin Creel to third Jose Infante to second Runner from 3rd tries for Home, SAFE, throw by RF to home
|
|
Batting: RHB Michael Lanum
|
0-0: Called Strike 0-1: Ball 1-1: Fly out, F8 (Line Drive, 8RD, EV 93.8 MPH)
|
| Bottom of the 2nd over - 2 runs, 2 hits, 1 error, 2 left on base; Johnson City 0 - Blacksburg 9 |
| TOP OF THE 3RD |
|
Johnson City Soilders batting - Pitching for Blacksburg Tribe : LHP Mike Jeffcoat
|
|
Batting: LHB Lawrence Gilmore
|
0-0: Called Strike 0-1: Swinging Strike 0-2: Ball 1-2: Ball 2-2: Foul Ball, location: 2F 2-2: Strikes out swinging
|
|
Batting: RHB Victor Gonzalez
|
0-0: Called Strike 0-1: Ball 1-1: Called Strike 1-2: Ball 2-2: Ball 3-2: Base on Balls
|
|
Batting: SHB Victor Hernandez
|
0-0: Ball Victor Gonzalez steals 2nd, throwing error, E2 Victor Gonzalez to third 1-0: Swinging Strike 1-1: Swinging Strike 1-2: Ball 2-2: Ball 3-2: Strikes out looking
|
|
Batting: RHB Thomas Mitchell
|
0-0: Fly out, F9 (Line Drive, 9, EV 97.5 MPH)
|
| Top of the 3rd over - 0 runs, 0 hits, 1 error, 1 left on base; Johnson City 0 - Blacksburg 9 |
| BOTTOM OF THE 3RD |
|
Blacksburg Tribe batting - Pitching for Johnson City Soilders : LHP Bob Gunnarsson
|
|
Batting: SHB Luis Martinez
|
0-0: Foul Ball, location: 2F 0-1: Ground out 5-3 (Groundball, 56S, EV 73.8 MPH)
|
|
Batting: RHB Jesus Alcala
|
0-0: Ball 1-0: Ball 2-0: Ground out 5-3 (Groundball, 56, EV 106.9 MPH)
|
|
Batting: RHB Jay Munson
|
0-0: Ball 1-0: Ground out 4-3 (Groundball, 4, EV 80.6 MPH)
|
| Bottom of the 3rd over - 0 runs, 0 hits, 0 errors, 0 left on base; Johnson City 0 - Blacksburg 9 |
| TOP OF THE 4TH |
|
Johnson City Soilders batting - Pitching for Blacksburg Tribe : LHP Mike Jeffcoat
|
|
Batting: RHB Alejandro Sanchez
|
0-0: Swinging Strike 0-1: DOUBLE (Line Drive, 89D, EV 101.9 MPH)
|
|
Batting: RHB Keith Mucha
|
0-0: Foul Ball, location: 2F 0-1: Ball 1-1: Ball 2-1: Ball 3-1: Swinging Strike 3-2: Foul Ball, location: 2F 3-2: Base on Balls
|
|
Batting: SHB Jeff Trout
|
0-0: Foul Ball, location: 2F 0-1: Ball 1-1: Ball 2-1: Ball 3-1: Fly out, F7 (Line Drive, 7, EV 91.9 MPH)
|
|
Batting: RHB Eugene Steinbach
|
0-0: Called Strike 0-1: Ball 1-1: Fielders Choice at 2nd, 1-6 (Groundball, 13S, EV 65.0 MPH) Alejandro Sanchez to third
|
|
Batting: RHB Juan Pacho
|
0-0: Swinging Strike 0-1: Swinging Strike 0-2: Foul Ball, location: 2F 0-2: Foul Ball, location: 2F 0-2: Ball 1-2: Strikes out looking
|
| Top of the 4th over - 0 runs, 1 hit, 0 errors, 2 left on base; Johnson City 0 - Blacksburg 9 |
| BOTTOM OF THE 4TH |
|
Blacksburg Tribe batting - Pitching for Johnson City Soilders : LHP Bob Gunnarsson
|
|
Batting: LHB George Cecchetti
|
0-0: Fly out, F9 (Line Drive, 9D, EV 93.1 MPH)
|
|
Batting: RHB Alwin Creel
|
0-0: Ball 1-0: Ball 2-0: Ball 3-0: Base on Balls
|
|
Batting: RHB Omar Mora
|
0-0: Ball 1-0: Foul Ball, location: 2F 1-1: Ball 2-1: Ball 3-1: Base on Balls Alwin Creel to second
|
|
Batting: LHB Jose Infante
|
0-0: SINGLE (Groundball, 56D, EV 106.9 MPH) Alwin Creel to third Omar Mora to second Runner from 3rd tries for Home, SAFE, throw by LF to home
|
|
Batting: RHB Mike Isherwood
|
0-0: Ball 1-0: Ball 2-0: Ball 3-0: Base on Balls Omar Mora to third Jose Infante to second
|
|
Pitching: RHP Albert Hartman
|
|
|
Batting: RHB Michael Lanum
|
0-0: Swinging Strike 0-1: Called Strike 0-2: Ball 1-2: Strikes out looking
|
|
Batting: SHB Luis Martinez
|
0-0: Ground out U3 (Groundball, 34, EV 103.1 MPH)
|
| Bottom of the 4th over - 1 run, 1 hit, 0 errors, 3 left on base; Johnson City 0 - Blacksburg 10 |
| TOP OF THE 5TH |
|
Johnson City Soilders batting - Pitching for Blacksburg Tribe : LHP Mike Jeffcoat
|
|
Batting: LHB Lawrence Gilmore
|
0-0: Ball 1-0: Ball 2-0: Ground out 4-3 (Groundball, 4, EV 111.9 MPH)
|
|
Batting: RHB Victor Gonzalez
|
0-0: Swinging Strike 0-1: Ball 1-1: Called Strike 1-2: Ground out 5-3 (Groundball, 5, EV 81.9 MPH)
|
|
Batting: SHB Victor Hernandez
|
0-0: SOLO HOME RUN (Flyball, 7D, EV 101.3 MPH), Distance : 391 ft
|
|
Batting: RHB Thomas Mitchell
|
0-0: Ball 1-0: Foul Ball, location: 2F 1-1: Foul Ball, location: 2F 1-2: Strikes out swinging
|
| Top of the 5th over - 1 run, 1 hit, 0 errors, 0 left on base; Johnson City 1 - Blacksburg 10 |
| BOTTOM OF THE 5TH |
|
Blacksburg Tribe batting - Pitching for Johnson City Soilders : RHP Albert Hartman
|
|
Batting: RHB Jesus Alcala
|
0-0: Ball 1-0: Fly out, F6 (Flyball, 6MD, EV 83.1 MPH)
|
|
Batting: RHB Jay Munson
|
0-0: Fly out, F7 (Flyball, 78S, EV 92.5 MPH)
|
|
Batting: LHB George Cecchetti
|
0-0: Called Strike 0-1: Ball 1-1: Ball 2-1: Ball 3-1: Swinging Strike 3-2: Base on Balls
|
|
Batting: RHB Alwin Creel
|
0-0: Ball 1-0: Foul Ball, location: 2F 1-1: Fly out, F9 (Flyball, 89XD, EV 102.5 MPH)
|
| Bottom of the 5th over - 0 runs, 0 hits, 0 errors, 1 left on base; Johnson City 1 - Blacksburg 10 |
| TOP OF THE 6TH |
|
Johnson City Soilders batting - Pitching for Blacksburg Tribe : LHP Mike Jeffcoat
|
|
Batting: RHB Alejandro Sanchez
|
0-0: Called Strike 0-1: Ball 1-1: SINGLE (Groundball, 5S, EV 99.4 MPH)
|
|
Batting: RHB Keith Mucha
|
0-0: Foul Ball, location: 2F 0-1: Ball 1-1: Grounds into double play, 5-4-3 (Groundball, 5, EV 85.0 MPH)
|
|
Batting: SHB Jeff Trout
|
0-0: Called Strike 0-1: SINGLE (Line Drive, 34D, EV 109.4 MPH)
|
|
Batting: RHB Eugene Steinbach
|
0-0: Ball 1-0: Ball 2-0: Fly out, F7 (Flyball, 7, EV 80.0 MPH)
|
| Top of the 6th over - 0 runs, 2 hits, 0 errors, 1 left on base; Johnson City 1 - Blacksburg 10 |
| BOTTOM OF THE 6TH |
|
Blacksburg Tribe batting - Pitching for Johnson City Soilders : RHP Albert Hartman
|
|
Batting: RHB Omar Mora
|
0-0: Fly out, F2 (Popup, 2L, EV 92.5 MPH)
|
|
Batting: LHB Jose Infante
|
0-0: Ground out 6-3 (Groundball, 6, EV 87.5 MPH)
|
|
Batting: RHB Mike Isherwood
|
0-0: Called Strike 0-1: Swinging Strike 0-2: Reached on error, E5 (Groundball, 5, EV 86.3 MPH)
|
|
Batting: RHB Michael Lanum
|
0-0: Ball 1-0: Called Strike 1-1: Ball 2-1: Called Strike 2-2: Ball 3-2: Reached on error, E4 (Groundball, 4, EV 88.1 MPH) Mike Isherwood to second
|
|
Batting: SHB Luis Martinez
|
0-0: Swinging Strike 0-1: Ball 1-1: Ball 2-1: TRIPLE (Line Drive, 9D, EV 106.3 MPH) Mike Isherwood scores Michael Lanum scores
|
|
Batting: RHB Jesus Alcala
|
0-0: Ground out 4-3 (Groundball, 4, EV 99.4 MPH)
|
| Bottom of the 6th over - 2 runs, 1 hit, 2 errors, 1 left on base; Johnson City 1 - Blacksburg 12 |
| TOP OF THE 7TH |
|
Johnson City Soilders batting - Pitching for Blacksburg Tribe : LHP Mike Jeffcoat
|
|
Batting: RHB Juan Pacho
|
0-0: Called Strike 0-1: Ground out 5-3 (Groundball, 56, EV 85.0 MPH)
|
|
Batting: LHB Lawrence Gilmore
|
0-0: Ball 1-0: Foul Ball, location: 2F 1-1: Ball 2-1: Fly out, F8 (Flyball, 89D, EV 93.8 MPH)
|
|
Batting: RHB Victor Gonzalez
|
0-0: Fly out, F6 (Popup, 56D, EV 45.6 MPH)
|
| Top of the 7th over - 0 runs, 0 hits, 0 errors, 0 left on base; Johnson City 1 - Blacksburg 12 |
| BOTTOM OF THE 7TH |
|
Blacksburg Tribe batting - Pitching for Johnson City Soilders : RHP Albert Hartman
|
|
Batting: RHB Jay Munson
|
0-0: Called Strike 0-1: Ball 1-1: Foul Ball, location: 2F 1-2: Foul Ball, location: 2F 1-2: SINGLE (Groundball, 56D, EV 101.9 MPH)
|
|
Pitching: LHP Steve Frey
|
|
|
Pinch Hitting: RHB Dave Morris
|
0-0: Ball 1-0: Ball 2-0: Called Strike 2-1: Ball 3-1: Fielders Choice at 2nd, 6-4 (Groundball, 6, EV 85.0 MPH)
|
|
Batting: RHB Alwin Creel
|
0-0: Foul Ball, location: 2F 0-1: Ball 1-1: Called Strike 1-2: Ball Wild Pitch! Dave Morris to second 2-2: Ball 3-2: Foul Ball, location: 2F 3-2: Foul Ball, location: 2F 3-2: Base on Balls
|
|
Batting: RHB Omar Mora
|
0-0: Ball 1-0: Ball 2-0: Ball 3-0: Base on Balls Dave Morris to third Alwin Creel to second
|
|
Batting: LHB Jose Infante
|
0-0: Ball 1-0: DOUBLE (Line Drive, 78D, EV 103.8 MPH) Dave Morris scores Alwin Creel scores Omar Mora to third
|
|
Batting: RHB Mike Isherwood
|
0-0: Called Strike 0-1: Foul Ball, location: 2F 0-2: Ground out 6-3 (Groundball, 6, EV 97.5 MPH) Omar Mora scores
|
|
Batting: RHB Michael Lanum
|
0-0: Called Strike 0-1: SINGLE (Groundball, 6MD, EV 96.3 MPH) Jose Infante to third Runner from 3rd tries for Home, SAFE, throw by CF to home Michael Lanum to second
|
|
Batting: SHB Luis Martinez
|
0-0: Ball 1-0: Fly out, F9 (Line Drive, 9D, EV 91.9 MPH)
|
| Bottom of the 7th over - 4 runs, 3 hits, 0 errors, 1 left on base; Johnson City 1 - Blacksburg 16 |
| TOP OF THE 8TH |
|
Johnson City Soilders batting - Pitching for Blacksburg Tribe : LHP Mike Jeffcoat
|
|
Now in CF: Dave Morris
|
|
|
Batting: SHB Victor Hernandez
|
0-0: Ball 1-0: Ball 2-0: Fly out, F9 (Line Drive, 9, EV 90.0 MPH)
|
|
Batting: RHB Thomas Mitchell
|
0-0: Ball 1-0: Fly out, F8 (Flyball, 8LS, EV 88.1 MPH)
|
|
Batting: RHB Alejandro Sanchez
|
0-0: Fly out, F8 (Line Drive, 8RD, EV 105.6 MPH)
|
| Top of the 8th over - 0 runs, 0 hits, 0 errors, 0 left on base; Johnson City 1 - Blacksburg 16 |
| BOTTOM OF THE 8TH |
|
Blacksburg Tribe batting - Pitching for Johnson City Soilders : LHP Steve Frey
|
|
Batting: RHB Jesus Alcala
|
0-0: Called Strike 0-1: Reached on error, E1 (Groundball, 13S, EV 63.1 MPH)
|
|
Batting: RHB Jay Munson
|
0-0: Ball 1-0: Swinging Strike 1-1: Ball 2-1: Ball 3-1: Called Strike 3-2: Strikes out swinging
|
|
Batting: RHB Dave Morris
|
0-0: Fly out, F9 (Flyball, 89XD, EV 96.3 MPH)
|
|
Batting: RHB Alwin Creel
|
0-0: Swinging Strike 0-1: Ball 1-1: Ball 2-1: Ball 3-1: Foul Ball, location: 2F 3-2: Foul Ball, location: 2F 3-2: Foul Ball, location: 2F 3-2: Base on Balls Jesus Alcala to second
|
|
Batting: RHB Omar Mora
|
0-0: Swinging Strike 0-1: Ball 1-1: Ball 2-1: Swinging Strike 2-2: Fly out, F6 (Popup, 6M, EV 63.8 MPH)
|
| Bottom of the 8th over - 0 runs, 0 hits, 1 error, 2 left on base; Johnson City 1 - Blacksburg 16 |
| TOP OF THE 9TH |
|
Johnson City Soilders batting - Pitching for Blacksburg Tribe : LHP Mike Jeffcoat
|
|
Batting: RHB Keith Mucha
|
0-0: Ball 1-0: Ball 2-0: Ball 3-0: Called Strike 3-1: Base on Balls
|
|
Batting: SHB Jeff Trout
|
0-0: Ball 1-0: Ball 2-0: Ball 3-0: Called Strike 3-1: Called Strike 3-2: Grounds into double play, 3-6-3 (Groundball, 3, EV 102.5 MPH)
|
|
Pinch Hitting: RHB Gil Reyes
|
0-0: Ball 1-0: Called Strike 1-1: Ground out 3-1 (Groundball, 34, EV 99.4 MPH)
|
| Top of the 9th over - 0 runs, 0 hits, 0 errors, 0 left on base; Johnson City 1 - Blacksburg 16 |
|